 Dungeon Crawl Stone Soup version 0.28-a0-1087-gf3fc490d9d (webtiles) character file.

Game seed: 2385316968485621290

0 spiderkeys the Ducker (level 1, -1/10 HPs)
             Began as a Felid Abyssal Knight on Dec 10, 2021.
             Was an Initiate of Lugonu.
             Slain by a rat (2 damage)
             ... on level 1 of the Dungeon.
             The game lasted 00:01:25 (226 turns).

spiderkeys the Ducker (Felid Abyssal Knight)         Turns: 226, Time: 00:01:26

Health: -1/10      AC:  1    Str:  9    XL:     1   Next: 8%
Magic:  3/3        EV: 18    Int: 11    God:    Lugonu [......]
Gold:   40         SH:  0    Dex: 16    Spells: 0/0 levels left
                                        Lives:  0   Deaths: 0

rFire   . . .      SeeInvis +     - Unarmed
rCold   . . .      Faith    .   (shield unavailable)
rNeg    . . .      Spirit   .   (armour unavailable)
rPois   .          Reflect  .   (helmet unavailable)
rElec   .          Harm     .   (cloak unavailable)
rCorr   .          Rampage  .   (gloves unavailable)
Will    .....                   (boots unavailable)
Stlth   +.........              (no amulet)
HPRegen 0.03/turn               (no ring)
MPRegen 0.08/turn               (no ring)

@: quick
A: very small, claws 1, fangs 3, see invisible, speed 1, shaggy fur 1, stealthy
paws, no weapons or thrown items, no armour, multi-lived
a: Renounce Religion


You were on level 1 of the Dungeon.
You worshipped Lugonu.
Lugonu was noncommittal.
You visited 1 branch of the dungeon, and saw 1 of its levels.
You visited the Abyss 1 time.

You collected 40 gold pieces.


Innate Abilities, Weirdness & Mutations

You have sharp claws.
You have razor-sharp teeth.
You have supernaturally acute eyesight. (SInv)
You cover ground quickly. (Speed+)
You are covered in fur. (AC +1)
Your paws help you pounce on unaware monsters.
You are incapable of wielding weapons or throwing items.
You cannot wear armour.
You gain extra lives every three experience levels.


   Skills:
 - Level 3.0 Fighting
 + Level 3.2 Dodging
 * Level 2.0 Unarmed Combat
 - Level 1.7 Invocations


You couldn't memorise any spells.
You didn't know any spells.
Your spell library contained the following spells:

 Spells                   Type           Power      Damage    Failure   Level
 Ensorcelled Hibernation  Hex/Ice        0%         N/A       47%         2
 Spider Form              Tmut/Pois      0%         N/A       71%         3
 Olgreb's Toxic Radiance  Pois           0%         N/A       98%         4
 Ozocubu's Refrigeration  Ice            0%         4d5       100%        7
 Ignition                 Fire           0%         3d3       100%        8

Inventory:

Scrolls
 a - a scroll of identify {@r1}
Potions
 b - a potion of haste {@q3}

Dungeon Overview and Level Annotations

Branches:
Dungeon (1/15)

Altars:

....... #....(..#
#.......#
######.......#
##...##.......# .#
##.##.##.......# #.
#(###.##.......# #.#
##.# #...gr.....#
#..###..#
####@....###
#..#..######..#......
#..#..##.............
#...##..!...#†?#####
#.<.###..### .#...
#...##... ...###
#..#..#.. .###
#..#..## .# ..###(.
.#


You could see a goblin and a rat.


Message History

🤖 Initializing magus.rc ... ✅ Successfully initialized magus.rc [v1.9.10] Welcome, spiderkeys the Felid Abyssal Knight.
You feel drawn to the Orb of Zot, downwards into the unfathomable depths...
Lugonu says: Depart the Abyss and spread corruption, my servant! (use the ability menu to exit the Abyss) Press ? for a list of commands and other information.
Found a corrupted altar of Lugonu.
There is a corrupted altar of Lugonu here.
Found a gateway leading out of the Abyss.
Found a gateway leading deeper into the Abyss.
There is a gateway leading deeper into the Abyss here.
You plunge deeper into the Abyss.
You pick up a book of Dreams and begin reading...
You add the spells Ensorcelled Hibernation and Spider Form to your library.
a - a scroll labelled MIEKEWOXTAGIE You now have 18 gold pieces.
Found 37 gold pieces.
Found a gateway leading deeper into the Abyss.
There is a gateway leading deeper into the Abyss here.
You plunge deeper into the Abyss.
The abyssal rune of Zot can be found at this depth.
b - a sedimented golden potion You now have 40 gold pieces (gained 22).
You see here the Unrestrained Analects.
Unknown command.
Press: ? - help, v - describe, . - travel, g - get item Item here: the Unrestrained Analects.
The floor.
Unknown command.
You pick up the Unrestrained Analects and begin reading...
You add the spells Olgreb's Toxic Radiance, Ozocubu's Refrigeration and Ignition to your library.
A balrug comes into view.
It is wielding a +0 antimagic demon whip.
The balrug shouts!
Okay, then.
As you read the scroll labelled MIEKEWOXTAGIE, it crumbles to dust.
It is a scroll of identify.
b - a potion of haste
Okay, then.
Okay, then.
You pass through the gate.
You can no longer depart the Abyss at will.
There is a staircase leading out of the dungeon here. 😎 MP[-1]
You lost 1 mp, and now have 2/3 mp.
Okay, then.
You see here 23 stones.
a - a scroll of identify {@r1} 😎 MP[+1]
Your mp is fully restored (3).
A bat, a rat and a goblin come into view.
The goblin shouts!
You pounce on the unaware helpless bat!
You scratch the bat.
You kill the bat!
Lugonu accepts your kill.
You barely miss the goblin. You bite the goblin, but do no damage.
The goblin completely misses you. The rat closely misses you.
You barely miss the goblin. The goblin closely misses you.
The rat bites you. 😮 HP[-3]
You take 3 damage, and now have 7/10 hp.
MASSIVE DAMAGE!! (PAUSE)
You closely miss the goblin. The goblin hits you with a +0 club.
* * * LOW HITPOINT WARNING * * *
The rat misses you. 😨 HP[-3]
You take 3 damage, and now have 4/10 hp.
MASSIVE DAMAGE!! (PAUSE)
You scratch the goblin but do no damage.
Your bite misses the goblin. The goblin misses you. The rat misses you.
You miss the goblin. The goblin hits you with a +0 club.
* * * LOW HITPOINT WARNING * * *
The rat bites you.
You die...

Action                   || total
-------------------------++-------
Melee: Unarmed           ||     6
       Bite              ||     1
Invok: Depart the Abyss  ||     1
  Use: Scroll            ||     1
 Stab: Sleeping          ||     1
Dodge: Dodged            ||     6

Levels and vault maps discovered:
D:1:      dpeg_arrival_simpleton_a, layout_rooms,
          shapermc_ecumenical_altar_ellora, serial_shops, nicolae_square_shop,
          grunt_decor_arrowhead

Notes
Turn   | Place    | Note
-------+----------+-------------------------------------------
     0 | Abyss:1  | spiderkeys the Felid Abyssal Knight began the quest for the
                  | Orb.
     0 | Abyss:1  | Reached XP level 1. HP: 10/10 MP: 3/3
     0 | Abyss:1  | magus.rc [v1.9.10]
   108 | Abyss:2  | You pick up a book of Dreams and begin reading...
   108 | Abyss:2  | You add the spells Ensorcelled Hibernation and Spider Form
                  | to your library.
   168 | Abyss:3  | Noticed a starcursed mass
   169 | Abyss:3  | You add the spells Olgreb's Toxic Radiance, Ozocubu's
                  | Refrigeration and Ignition to your library.
   178 | Abyss:3  | Noticed a balrug
   185 | D:1      | You pass through the gate.
   185 | D:1      | Escaped the Abyss
   226 | D:1      | HP: 1/10 [goblin (3)]
   226 | D:1      | Slain by a rat

Vanquished Creatures
  A bat (D:1)
1 creature vanquished.

Table legend:
 A = Non-vault XP
 B = Vault XP
 C = Vault XP percentage of total XP
 D = Non-vault monster count
 E = Vault monster count
 F = Vault count percentage of total count
                 A         B        C        D         E       F
            +---------+---------+-------+---------+---------+-------
      Total |       1 |       0 |   0.0 |       1 |       0 |   0.0
            +---------+---------+-------+---------+---------+-------
        D:1 |       1 |       0 |   0.0 |       1 |       0 |   0.0
            +---------+---------+-------+---------+---------+-------

Illustrated notes

Table legend:
 A = Kills in this place as a percentage of kills in entire the game.
 B = Kills by you in this place as a percentage of kills by you in the entire game.
 C = Kills by friends in this place as a percentage of kills by friends in the entire game.
 D = Other kills in this place as a percentage of other kills in the entire game.
 E = Experience gained in this place as a percentage of experience gained in the entire game.
 F = Experience gained in this place divided by the number of levels of this place that you have seen.
                   A       B       C       D       E      F
               +-------+-------+-------+-------+-------+----------------------
         Total | 100.0 | 100.0 |   N/A |   N/A | 100.0 |   0.2
       Dungeon | 100.0 | 100.0 |   N/A |   N/A | 100.0 |   1.0
               +-------+-------+-------+-------+-------+----------------------

Table legend: (Time is in decaauts)
 A = Elapsed time spent in this place.
 B = Non-inter-level travel time spent in this place.
 C = Inter-level travel time spent in this place.
 D = Time resting spent in this place.
 E = Time spent auto-exploring this place.
 F = Levels seen in this place.
 G = Mean time per level.
                   A        B        C        D        E       F      G
               +--------+--------+--------+--------+--------+-----+--------+
         Total |    185 |    185 |      0 |      0 |     97 |   4 |   46.2 |
       Dungeon |     36 |     36 |      0 |      0 |     24 |   1 |   36.0 |
         Abyss |    149 |    149 |      0 |      0 |     72 |   3 |   49.7 |
               +--------+--------+--------+--------+--------+-----+--------+

Top non-repeatable levels by time:
 Abyss:1: 81 daAuts
     D:1: 36 daAuts
 Abyss:2: 35 daAuts
 Abyss:3: 33 daAuts
